Map: Cerulean Fall LE

Players

Has - Winner!

  • Race: Protoss Protoss
  • Spawn Location: 1:00

TIME (Oliveira)

  • Race: Terran Terran
  • Spawn Location: 7:00

Event: WCS Montreal 2018

VOD

Have the link to the VOD?

Description

Time

  • Played on: Sept. 8, 2018, 1:53 p.m.
  • Length: 22:27

All games in this series

Show
View Real Time Build Order
Export as new Build Order

Has Protoss - Winner!

Build Orders: Oracle Opening 

Get SALT Encoding   

  12  0:00  Probe  
  13  0:12  Probe  
  14  0:17  Pylon  
  14  0:25  Probe  
  15  0:36  Gateway  
  15  0:39  Probe  
  16  0:51  Probe  
  16  0:52  Pylon  
  17  1:03  Probe  
  18  1:04  Assimilator  
  18  1:10  Gateway  
  18  1:15  Probe  
  19  1:24  Cybernetics Core  
  19  1:32  Assimilator  
  20  1:34  Assimilator  
  20  1:38  Zealot  
  21  1:42  Probe  
  22  1:50  Stalker  
  22  1:56  Stalker  
  25  2:03  Probe  
  27  2:12  Stalker  
  27  2:14  Warp Gate  
  27  2:15  Probe  
  30  2:30  Pylon  
  30  2:35  Probe  
  30  2:55  Probe  
  30  2:56  Stalker  
  33  3:08  Stargate, Probe  
  34  3:26  Nexus  
  34  3:30  Probe  
  33  3:41  Oracle  
  33  3:42  Probe  
  34  3:54  Probe  
  38  4:07  Probe  
  39  4:12  Pylon  
  39  4:18  Oracle  
  39  4:23  Pylon  
  39  4:30  Probe  
  43  4:31  Stalker x2  
  47  4:38  Probe  
  47  4:42  Probe  
  49  4:47  Oracle  
  49  4:50  Probe  
  50  4:54  Probe  
  50  4:59  Shield Battery x2  
  54  5:02  Probe  
  54  5:06  Probe  
  56  5:15  Probe  
  56  5:19  Probe  
  58  5:27  Phoenix, Probe  
  59  5:28  Adept x2  
  59  5:31  Probe  
  64  5:39  Probe  
  64  5:43  Probe  
  63  5:51  Probe  
  63  5:55  Probe  
  59  5:57  Phoenix  
  59  6:03  Probe  
  62  6:07  Probe  
  63  6:12  Twilight Council, Nexus  
  63  6:13  Forge  
  63  6:14  Pylon  
  63  6:15  Probe  
  64  6:19  Adept x2  
  64  6:20  Phoenix  
  64  6:23  Pylon  
  70  6:32  Probe x2  
  72  6:40  Gateway  
  72  6:43  Gateway, Pylon  
  72  6:45  Probe  
  73  6:50  Protoss Ground Weapons Level 1  
  73  6:58  Blink, Probe  
  73  6:59  Probe  
  75  7:07  Stalker x2  
  79  7:11  Probe  
  79  7:17  Gateway, Shield Battery  
  79  7:21  Gateway  
  79  7:22  Gateway  
  77  7:25  Gateway  
  76  7:30  Probe x2  
  76  7:42  Probe  
  74  7:45  Probe  
  74  7:46  Probe  
  76  7:54  Stalker, Probe  
  76  7:55  Stalker  
  76  7:57  Probe  
  82  7:58  Pylon  
  82  8:00  Zealot x2  
  82  8:02  Probe  
  82  8:03  Pylon  
  82  8:05  Pylon  
  87  8:06  Probe  
  87  8:11  Probe  
  89  8:13  Pylon  
  89  8:15  Sentry  
  89  8:16  Zealot  
  93  8:20  Pylon  
  93  8:21  Pylon  
  93  8:26  Zealot, Sentry  
  97  8:27  Zealot x2  
  97  8:31  Zealot x2  
  97  8:33  Charge  
  104  8:36  Zealot  
  105  8:43  Protoss Ground Armor Level 1  
  104  8:48  Zealot x2  
  104  8:49  Zealot  
  110  8:57  Stalker  
  110  8:58  Zealot x4  
  120  9:02  Pylon  
  120  9:27  Nexus  
  120  9:28  Pylon  
  120  9:33  Zealot x7  
  134  9:40  Stalker  
  136  9:46  Pylon  
  136  9:48  Probe x3, Pylon  
  137  10:09  Protoss Ground Armor Level 2  
  137  10:11  Stalker x5  
  147  10:16  Zealot x2  
  147  10:17  Zealot  
  153  10:23  Gateway  
  153  10:25  Gateway  
  153  10:30  Probe  
  153  10:31  Probe x2  
  153  10:33  Gateway  
  156  10:41  Probe  
  157  10:43  Probe x2  
  157  10:44  Probe  
  160  10:53  Probe  
  160  10:54  Zealot  
  160  10:55  Zealot x7  
  177  10:58  Forge, Probe x2  
  169  11:18  Zealot  
  169  11:19  Zealot x7  
  169  11:22  Probe x2  
  183  11:37  Zealot x3  
  189  11:53  Zealot  
  145  11:54  Zealot x7  
  101  12:10  Zealot x3  
  89  12:16  Templar Archives  
  89  12:17  Zealot  
  89  12:18  Zealot x7  
  89  12:21  Assimilator x2  
  105  12:29  Psionic Storm  
  103  12:31  Zealot  
  103  12:32  Zealot x2  
  109  12:39  Probe  
  109  12:40  Probe x2  
  109  12:43  Zealot x7  
  126  12:53  Oracle  
  129  13:05  High Templar  
  131  13:06  Zealot  
  131  13:10  Stalker  
  135  13:15  Probe x2  
  129  13:25  Stalker x3  
  132  13:30  Probe x2  
  128  13:40  Zealot  
  128  13:41  Zealot x3  
  127  13:42  Probe  
  109  13:59  High Templar  
  111  14:05  Zealot x9  
  102  14:31  High Templar  
  104  14:42  Archon  
  89  14:55  High Templar x2  
  92  15:05  High Templar  
  79  15:33  Nexus  
  79  15:35  Pylon  
  74  16:19  Pylon  
  74  16:52  Pylon  
  74  16:54  Pylon  
  73  17:15  Probe  
  73  17:17  Pylon  
  73  17:18  Pylon  
  73  17:22  Gateway  
  73  17:27  Probe  
  74  17:39  Probe  
  75  17:52  Probe  
  48  18:31  Nexus  
  45  19:04  Zealot  
  43  20:32  Nexus  
  43  20:40  Assimilator  
  43  20:42  Assimilator  
  42  21:09  Pylon  
  42  21:22  Nexus, Void Ray  
Show
View Real Time Build Order
Export as new Build Order

TIME Terran 

Build Orders: Cyclone Opening 

Get SALT Encoding   

  12  0:00  SCV  
  13  0:12  SCV  
  14  0:17  Supply Depot  
  14  0:25  SCV  
  15  0:40  Barracks, SCV  
  16  0:43  Refinery  
  16  0:52  SCV  
  17  1:04  SCV  
  18  1:16  SCV  
  19  1:27  Marine  
  19  1:28  Orbital Command  
  20  1:44  Command Center  
  20  1:46  Barracks Reactor  
  20  1:55  Supply Depot  
  20  1:56  SCV  
  21  2:08  SCV  
  22  2:10  Factory  
  22  2:20  SCV  
  22  2:21  Marine  
  22  2:22  Marine  
  25  2:26  Bunker  
  25  2:32  SCV  
  25  2:41  Marine x2  
  26  2:45  SCV  
  26  2:57  Cyclone  
  28  2:58  Marine  
  26  3:06  SCV  
  26  3:11  Marine  
  27  3:17  Marine  
  27  3:18  SCV  
  28  3:28  Orbital Command  
  28  3:29  Marine, Widow Mine  
  31  3:34  Marine  
  31  3:38  SCV  
  33  3:46  Starport  
  33  3:50  Factory Tech Lab, SCV  
  33  3:54  SCV  
  36  4:02  SCV  
  36  4:03  Refinery  
  36  4:07  Marine x2  
  38  4:10  SCV  
  38  4:14  SCV  
  38  4:16  Factory Tech Lab  
  40  4:20  Supply Depot  
  40  4:22  SCV  
  41  4:27  Cloaking Field, SCV  
  42  4:35  SCV  
  43  4:39  SCV  
  43  4:43  Supply Depot, Banshee  
  47  4:48  Marine x2  
  47  4:50  Orbital Command  
  47  4:52  SCV  
  50  5:04  SCV  
  50  5:06  Siege Tank  
  51  5:15  Bunker  
  51  5:16  SCV  
  51  5:17  SCV  
  53  5:22  Supply Depot  
  53  5:23  Marine  
  49  5:28  SCV  
  49  5:29  SCV  
  49  5:32  Banshee  
  49  5:35  Marine  
  52  5:40  SCV  
  42  5:53  SCV  
  42  5:54  Marine  
  43  5:59  SCV  
  44  6:07  SCV  
  42  6:11  SCV  
  45  6:20  SCV  
  45  6:23  SCV  
  45  6:28  Command Center  
  45  6:30  Widow Mine  
  45  6:31  Marine x2  
  49  6:36  Banshee  
  49  6:37  SCV x2  
  54  6:49  Marine x2, SCV  
  54  6:50  SCV  
  57  7:01  SCV  
  56  7:02  SCV  
  56  7:07  Siege Tank, Marine x2  
  61  7:13  SCV  
  61  7:15  SCV  
  63  7:20  Barracks  
  63  7:21  Barracks  
  63  7:25  SCV  
  63  7:27  SCV  
  63  7:28  Engineering Bay  
  65  7:32  Refinery x2  
  65  7:37  SCV  
  65  7:39  Siege Tank, SCV  
  69  7:44  Orbital Command  
  69  7:49  SCV  
  68  7:53  Starport Reactor  
  68  7:54  SCV  
  68  7:57  Marine  
  68  7:58  Stimpack  
  70  8:01  SCV  
  70  8:03  Barracks  
  70  8:04  Barracks  
  71  8:06  SCV  
  72  8:13  SCV  
  72  8:15  Terran Infantry Weapons Level 1  
  72  8:18  Marine, SCV  
  76  8:20  Marine x2  
  76  8:22  Combat Shields, Marine  
  76  8:25  SCV  
  76  8:26  Supply Depot  
  79  8:28  Factory Reactor  
  79  8:30  Supply Depot  
  79  8:35  SCV  
  79  8:36  Marine  
  79  8:37  Marine  
  79  8:38  SCV  
  79  8:40  Marauder  
  85  8:47  SCV  
  83  8:48  Marine  
  83  8:50  Supply Depot  
  83  8:52  Barracks Tech Lab, Barracks Reactor  
  84  8:55  Medivac  
  84  8:56  Medivac  
  84  8:57  Supply Depot, SCV  
  84  8:59  SCV  
  84  9:00  Missile Turret  
  84  9:02  Missile Turret  
  90  9:03  Marauder, Marine x2  
  90  9:06  Widow Mine  
  90  9:07  SCV, Widow Mine  
  90  9:09  Marine  
  99  9:11  Marine  
  99  9:12  Concussive Shells  
  99  9:13  Liberator  
  99  9:14  Liberator  
  100  9:20  Marine  
  100  9:22  Marine  
  100  9:24  Marine, Missile Turret  
  102  9:28  Widow Mine  
  112  9:40  Widow Mine  
  112  9:42  Marine x3  
  115  9:45  Supply Depot  
  115  9:46  Supply Depot x2, Marine x2  
  117  9:54  Supply Depot  
  117  10:07  Marauder, Marine x4, Widow Mine x2  
  117  10:08  Supply Depot  
  117  10:10  Supply Depot  
  117  10:13  Marine  
  117  10:14  Marine  
  129  10:18  Ghost Academy  
  129  10:20  Terran Infantry Armor Level 1, Liberator x2  
  129  10:25  Marauder  
  129  10:27  Marine x2  
  129  10:28  Marauder  
  135  10:33  Widow Mine x2  
  139  10:38  Marine  
  139  10:42  Marine  
  148  10:51  Ghost x2  
  148  10:53  Marine  
  152  11:04  Ghost  
  152  11:05  Marine x2  
  152  11:09  Widow Mine x2  
  156  11:15  Marine  
  153  11:20  Marine  
  153  11:21  Marauder x2  
  153  11:23  Marine  
  154  11:30  Marine  
  154  11:31  Supply Depot, Orbital Command  
  154  11:32  Supply Depot, Widow Mine x2  
  159  11:33  Medivac  
  161  11:43  Medivac  
  147  11:56  SCV  
  148  12:05  Marauder, Marine x2  
  148  12:06  Widow Mine  
  148  12:07  Widow Mine  
  148  12:08  SCV  
  127  12:10  SCV  
  127  12:11  Marine  
  127  12:12  Marauder, Marine  
  127  12:13  SCV  
  133  12:19  Marine  
  134  12:22  Marine  
  134  12:26  Missile Turret  
  134  12:32  Medivac  
  134  12:34  Marine x2  
  134  12:35  Marine  
  139  12:40  Medivac  
  141  12:44  Marine x2  
  141  12:45  Marauder  
  141  12:51  Marine  
  146  12:52  Marine x2  
  146  12:55  Widow Mine x2  
  146  12:57  Supply Depot, Liberator x2  
  152  12:59  Marine  
  152  13:02  Marine  
  152  13:03  Marauder  
  154  13:06  Marine  
  154  13:08  Marine  
  154  13:09  Marine  
  155  13:17  Widow Mine x2  
  160  13:21  Marine  
  160  13:24  Marauder x2  
  152  13:27  Marine  
  152  13:28  Marauder, Marine  
  130  13:38  Marine, Widow Mine x2  
  95  14:10  Orbital Command  
  94  14:21  Marine  
  88  14:28  Marine  
  89  14:39  Marine  
  89  14:44  Orbital Command  
  89  14:45  Marine  
  72  15:31  Orbital Command  
  65  16:30  Supply Depot  
  65  16:31  Supply Depot  
  65  17:06  Supply Depot  
  65  17:07  Supply Depot  
  62  17:30  Barracks  
  48  19:06  Supply Depot  
Tags
 
Add a new tag
Caveats
  • Supply blocks, unpowered buildings, or Contaminate may cause inaccurate times.
  • Supply counts are checked every 10 seconds.